 Dungeon Crawl Stone Soup version 0.29.1-2-gbd0b4ee654 (webtiles) character file.

Game seed: 13827741984538531123

1563 GigaChad the Shield-Bearer (level 8, -4/79 HPs)
             Began as a Troll Fighter on Nov 24, 2022.
             Was a Priest of Qazlal.
             Slain by a sky beast (6 damage)
             ... on level 6 of the Dungeon on Nov 25, 2022.
             The game lasted 00:08:20 (4605 turns).

GigaChad the Shield-Bearer (Troll Fighter)          Turns: 4605, Time: 00:08:21

Health: -4/79      AC:  4    Str: 27    XL:     8   Next: 58%
Magic:  7/7        EV: 10    Int:  4    God:    Qazlal [***...]
Gold:   271        SH: 13    Dex: 13    Spells: 7/7 levels left

rFire   . . .      SeeInvis .   m - +5 mace of Nuke {vorpal, Dex+4}
rCold   . . .      Faith    .   b - +0 kite shield
rNeg    . . .      Spirit   .   a - +0 robe
rPois   .          Reflect  .   (helmet restricted)
rElec   .          Harm     .   (no cloak)
rCorr   .          Rampage  .   (gloves unavailable)
Will    .....                   (boots unavailable)
Stlth   +.........              (no amulet)
HPRegen 1.03/turn               (no ring)
MPRegen 0.10/turn               (no ring)

@: no status effects
A: large, unfitting armour, claws 3, regeneration 1, shaggy fur 1, tough skin 1
a: Renounce Religion, Upheaval, Elemental Force


You were on level 6 of the Dungeon.
You worshipped Qazlal.
Qazlal was most pleased with you.
You visited 2 branches of the dungeon, and saw 7 of its levels.

You collected 271 gold pieces.

Inventory:

Hand Weapons
 m - the +5 mace of Nuke (weapon) {vorpal, Dex+4}
   (You found it on level 2 of the Dungeon)

   It inflicts extra damage upon your enemies.
   Dex:       It affects your dexterity (+4).
 y - a +0 war axe of freezing
Armour
 a - a +0 robe (worn)
 b - a +0 kite shield (worn)
Jewellery
 d - an amulet of faith
 i - a ring of protection from fire
 x - a ring of resist corrosion
Wands
 u - a wand of quicksilver (9)
Scrolls
 e - a scroll of poison {unknown}
 g - 4 scrolls of identify
 k - 6 scrolls of teleportation {unknown}
 l - a scroll of immolation {unknown}
 n - 2 scrolls of fear
 q - 2 scrolls of enchant weapon {unknown}
 r - 2 scrolls of amnesia
Potions
 c - a potion of might
 f - 4 potions of magic {unknown}
 h - a potion of ambrosia {unknown}
 j - 2 potions of mutation {unknown}
 o - a potion of berserk rage {unknown}
 p - a potion of curing {unknown}
 s - a potion of flight {unknown}
 t - a potion of haste {unknown}
 v - a potion of brilliance {unknown}
 w - 3 potions of degeneration {unknown}


   Skills:
 + Level 4.3 Fighting
 + Level 5.3 Maces & Flails
 + Level 4.8 Dodging
 + Level 1.0 Stealth
 + Level 5.4 Shields
 + Level 2.6 Unarmed Combat


You had 7 spell levels left.
You didn't know any spells.
Your spell library contained the following spells:

 Spells                   Type           Power      Damage    Failure   Level
 Foxfire                  Conj/Fire      0%         2x1d4     77%         1
 Call Canine Familiar     Summ           0%         N/A       98%         3
 Conjure Flame            Conj/Fire      0%         6-21      98%         3
 Gell's Gravitas          Tloc           0%         N/A       98%         3
 Ignite Poison            Fire/Tmut/Pois 0%         N/A       98%         3
 Inner Flame              Hex/Fire       0%         N/A       98%         3
 Mephitic Cloud           Conj/Pois/Air  0%         N/A       98%         3
 Portal Projectile        Hex/Tloc       0%         N/A       98%         3
 Teleport Other           Tloc           0%         N/A       98%         3
 Flame Wave               Conj/Fire      0%         2d4       100%        4
 Leda's Liquefaction      Hex/Erth       0%         N/A       100%        4
 Freezing Cloud           Conj/Ice/Air   0%         6-21      100%        5
 Dispersal                Tloc           0%         N/A       100%        6


Dungeon Overview and Level Annotations

Branches:
Dungeon (6/15)             Temple (1/1) D:6

Altars:
Cheibriados
Dithmenos
Gozag
Hepliaklqana
Kikubaaqudgha
Okawaru
Qazlal
Ru
Sif Muna
Trog
Vehumet
Zin
The Shining One

Shops:
D:5 (=


Innate Abilities, Weirdness & Mutations

You are too large for most types of armour.
You have claws for hands.
Your natural rate of healing is unusually fast.
You are covered in fur. (AC +1)
You have tough skin. (AC +1)


Message History

Something hits you. Something shocks you.
You closely miss the hound.
The hound is almost dead.
You block the hound's attack. The hound bites you. Something hits you.
* * * LOW HITPOINT WARNING * * *
Something shocks you.
* * * LOW HITPOINT WARNING * * *
The hound bites you but does no damage. You block something's attack.
The hound bites you.
* * * LOW HITPOINT WARNING * * *
You completely miss the hound.
The hound is almost dead.
The hound is struck by lightning.
You kill the hound!
Qazlal accepts your kill. The hound bites you.
* * * LOW HITPOINT WARNING * * *
Something hits you but does no damage. You block the hound's attack.
You sock the hound!
The hound is heavily wounded.
The hound closely misses you. Something hits you.
* * * LOW HITPOINT WARNING * * *
Something shocks you.
* * * LOW HITPOINT WARNING * * *
You miss the hound.
The hound is heavily wounded.
The hound bites you.
* * * LOW HITPOINT WARNING * * *
You block something's attack. The hound closely misses you.
You barely miss the hound.
The hound is heavily wounded.
The hound bites you but does no damage. Something hits you but does no damage.
You block the hound's attack. Something hits you but does no damage.
You sock the hound!
You kill the hound!
Qazlal accepts your kill. Something hits you.
* * * LOW HITPOINT WARNING * * *
Something shocks you.
You die...

...... ..##..#.#.
...........####.....#.#.
....................#.#.
..................#..#...
..................#..#...
...................##.....
....................##.....
..........○.......|......#.
....?....†@..........#.....
.........°){.........#.####
..............#....###.#...
.....^........#....# ......
............)......##......
.............⌠...####......
#.#########.....## #......
#⌠.>.⌠# .... #.....# ....


There were no monsters in sight!

Vanquished Creatures
  Sigmund (D:6)
  Menkaure (D:6)
  2 water moccasins (D:6)
  A sky beast (D:6)
  2 ogres
  A centaur (D:6)
  A phantom (D:5)
  A bullfrog (D:6)
  A necrophage (D:6)
  A scorpion (D:5)
  A howler monkey (D:6)
  2 jellies (D:5)
  3 hounds
  Ijyb (D:4)
  An orc wizard (D:4)
  3 iguanas
  4 gnolls (D:6)
  6 adders
  An ufetubus (D:5)
  A worm (D:2)
  A dart slug (D:2)
  7 orcs
  7 endoplasms
  2 giant cockroaches (D:4)
  13 goblins
  5 hobgoblins
  12 jackals
  9 kobolds
  A quokka (D:4)
  5 ball pythons
  5 bats
  3 frilled lizards
  6 rats
111 creatures vanquished.

Notes
Turn   | Place    | Note
-------+----------+-------------------------------------------
     0 | D:1      | GigaChad the Troll Fighter began the quest for the Orb.
     0 | D:1      | Reached XP level 1. HP: 22/22 MP: 0/0
   269 | D:1      | Reached XP level 2. HP: 25/29 MP: 1/1
   653 | D:1      | You fall into a shaft and drop 1 floor!
   715 | D:2      | Identified the +5 mace of Nuke {vorpal, Dex+4}
   989 | D:2      | Found an ancient bone altar of Kikubaaqudgha.
  1046 | D:2      | Found a faded altar of an unknown god.
  1119 | D:2      | Prayed at the altar of an unknown god.
  1119 | D:2      | Became a worshipper of Qazlal Stormbringer
  1119 | D:2      | Reached * piety under Qazlal
  1166 | D:2      | Reached XP level 3. HP: 26/36 MP: 2/2
  1885 | D:3      | Reached XP level 4. HP: 44/44 MP: 3/3
  2257 | D:4      | Reached skill level 1 in Maces & Flails
  2263 | D:4      | Reached ** piety under Qazlal
  2344 | D:4      | Noticed an ogre
  2350 | D:4      | Killed an ogre
  2351 | D:4      | Reached XP level 5. HP: 33/53 MP: 4/4
  2403 | D:4      | Found an iron altar of Okawaru.
  2623 | D:4      | Noticed Ijyb
  2631 | D:4      | Killed Ijyb
  2714 | D:4      | Reached XP level 6. HP: 41/61 MP: 5/5
  3079 | D:5      | Entered Level 5 of the Dungeon
  3419 | D:5      | Found Onaplotu's Antique Weapon Boutique.
  3426 | D:5      | Reached *** piety under Qazlal
  3614 | D:5      | Reached XP level 7. HP: 26/67 MP: 6/6
  3715 | D:5      | Found Agudegh's Jewellery Emporium.
  4237 | D:6      | Noticed Sigmund
  4245 | D:6      | Killed Sigmund
  4246 | D:6      | Reached skill level 1 in Stealth
  4246 | D:6      | Reached skill level 5 in Shields
  4246 | D:6      | Reached XP level 8. HP: 76/78 MP: 7/7
  4284 | D:6      | Found a staircase to the Ecumenical Temple.
  4319 | Temple   | Entered the Ecumenical Temple
  4582 | D:6      | Noticed Menkaure
  4589 | D:6      | Reached skill level 5 in Maces & Flails
  4592 | D:6      | Killed Menkaure
  4603 | D:6      | HP: 1/79 [hound (5)]
  4605 | D:6      | Slain by a sky beast

Illustrated notes

Levels and vault maps discovered:
D:1:      co_arrival_random_square_maze, layout_loops_ring
D:2:      minmay_spotlight, layout_basic, basic_altar,
          nicolae_ecumenical_pavilion
D:3:      layout_loops_cross
D:4:      kennysheep_goblin_castle, layout_loops_ring,
          mainiacjoe_overflow_tiny_flanked
D:5:      layout_loops_cross, serial_shops, nicolae_shop_hallway_plus,
          nicolae_shop_behind_doors, hangedman_glass_teeth,
          minmay_misc_feat_tiny, skrybe_limestone_x
D:6:      layout_basic, mainiacjoe_overflow_catwalk, temple_fountains,
          gup_sewer_entry_glass, kb_lookout_dungeons_type, uniq_menkaure,
          uniq_sigmund
Temple:   bh_familiar_temple

Skill      XL: |  1  2  3  4  5  6  7  8 |
---------------+-------------------------+-----
Shields        | 3 4 5 |  5.4
Dodging        | 3 4 |  4.8
Maces & Flails | 2 3 4 5 |  5.3
Fighting       | 3 4 |  4.3
Stealth        | 1 |  1.0
Unarmed Combat | |  2.6

Action                   |  1- 3 |  4- 6 |  7- 9 || total
-------------------------+-------+-------+-------++-------
Melee: Unarmed           |    48 |       |       ||    48
       Mace              |    48 |   105 |    83 ||   236
  Use: Scroll            |     1 |     1 |       ||     2
Armor: Robe              |    71 |    27 |    27 ||   125
Dodge: Dodged            |    66 |    48 |    55 ||   169
Block: Kite shield       |    65 |    88 |    90 ||   243
